Map: 冰雪合金-天梯版

Players

iGMacSed (MacSed) - Winner!

  • Race: Protoss Protoss

Cyan

  • Race: Protoss Protoss

Event: DreamHack SC2 Masters 2020 Summer China

VOD

Have the link to the VOD?

Description

Time

  • Played on: July 3, 2020, 9:28 a.m.
  • Length: 10:39

All games in this series

Show
View Real Time Build Order
Export as new Build Order

iGMacSed Protoss - Winner!

Build Orders: Blink Stalkers 

Get SALT Encoding   

  12  0:00  Probe  
  13  0:13  Probe  
  14  0:18  Pylon  
  14  0:24  Probe  
  15  0:32  Probe  
  15  0:37  Gateway  
  15  0:40  Probe  
  16  0:46  Assimilator  
  17  0:52  Probe  
  17  0:54  Assimilator  
  18  1:00  Probe  
  19  1:08  Probe  
  19  1:09  Gateway  
  20  1:18  Probe  
  21  1:26  Cybernetics Core  
  21  1:30  Probe  
  22  1:40  Pylon  
  22  1:42  Probe  
  23  1:58  Probe  
  24  2:02  Warp Gate  
  24  2:06  Stalker x2  
  28  2:10  Probe  
  28  2:12  Pylon  
  29  2:31  Pylon  
  32  2:37  Sentry x2  
  32  2:52  Nexus  
  32  3:01  Pylon  
  32  3:06  Shield Battery  
  32  3:08  Sentry  
  34  3:14  Probe  
  35  3:24  Shield Battery  
  35  3:26  Probe  
  36  3:30  Twilight Council, Shield Battery  
  36  3:38  Probe  
  37  3:46  Blink  
  37  3:50  Stalker  
  37  3:52  Stalker  
  41  3:56  Probe  
  42  4:03  Forge  
  43  4:12  Probe  
  43  4:17  Probe  
  44  4:24  Probe  
  44  4:28  Protoss Ground Weapons Level 1, Stalker  
  44  4:30  Probe  
  48  4:34  Stalker  
  50  4:42  Probe  
  51  4:48  Probe  
  52  4:54  Probe  
  52  4:55  Pylon  
  52  4:58  Gateway  
  53  5:00  Probe  
  54  5:11  Pylon  
  54  5:13  Sentry, Probe  
  54  5:14  Stalker  
  59  5:16  Probe  
  60  5:24  Pylon  
  60  5:25  Probe  
  60  5:28  Probe  
  62  5:32  Assimilator  
  62  5:35  Immortal  
  62  5:37  Stalker x2  
  66  5:45  Gateway x2  
  66  5:49  Shield Battery  
  66  5:54  Stalker  
  68  5:59  Probe x2  
  68  6:02  Shield Battery  
  68  6:03  Stalker  
  72  6:05  Stalker  
  75  6:15  Photon Cannon  
  75  6:21  Protoss Ground Weapons Level 2  
  75  6:23  Pylon  
  75  6:24  Shield Battery  
  75  6:25  Stalker  
  76  6:31  Stalker  
  78  6:36  Pylon  
  78  6:42  Stalker x2  
  78  6:43  Stalker  
  78  6:45  Probe  
  85  6:48  Probe  
  85  6:52  Assimilator  
  86  7:04  Robotics Facility  
  86  7:11  Stalker x2  
  90  7:18  Charge  
  90  7:19  Pylon  
  90  7:29  Gateway  
  90  7:32  Gateway  
  90  7:33  Probe  
  90  7:34  Gateway  
  91  7:46  Pylon  
  91  7:50  Zealot  
  91  7:51  Observer, Zealot x2  
  98  8:02  Stalker x2  
  100  8:13  Immortal  
  100  8:31  Stalker x3  
  100  8:32  Stalker x2  
  104  8:47  Immortal  
  102  8:49  Stalker x3  
  104  9:06  Pylon  
  104  9:08  Stalker x3  
  98  9:19  Stalker x2  
  98  9:25  Zealot x2  
  102  9:33  Stalker x2  
  106  9:42  Stalker  
  94  9:50  Stalker x2  
  84  9:58  Stalker x2  
  82  10:01  Observer  
  82  10:06  Stalker  
  84  10:10  Stalker  
  87  10:14  Stalker  
Show
View Real Time Build Order
Export as new Build Order

Cyan Protoss 

Build Orders:  

Get SALT Encoding   

  12  0:00  Probe  
  13  0:12  Probe  
  14  0:18  Pylon  
  14  0:24  Probe  
  15  0:32  Probe  
  15  0:38  Gateway  
  15  0:40  Probe  
  16  0:47  Assimilator  
  17  0:52  Probe  
  17  0:55  Assimilator  
  18  1:00  Probe  
  19  1:08  Gateway, Probe  
  19  1:18  Probe  
  21  1:26  Cybernetics Core  
  21  1:30  Probe  
  22  1:33  Pylon  
  22  1:42  Probe  
  23  1:54  Probe  
  24  2:02  Adept x2, Warp Gate  
  24  2:06  Probe  
  29  2:12  Pylon  
  29  2:22  Probe, Robotics Facility  
  30  2:34  Stalker  
  32  2:40  Stalker  
  32  2:43  Shield Battery  
  34  2:49  Pylon  
  34  3:02  Warp Prism  
  36  3:23  Nexus  
  36  3:31  Probe  
  37  3:40  Observer  
  38  3:43  Probe  
  39  3:50  Stalker x2  
  39  3:54  Pylon  
  43  3:56  Probe  
  44  4:04  Probe  
  45  4:12  Probe  
  46  4:17  Immortal  
  46  4:22  Probe  
  51  4:27  Sentry  
  51  4:28  Sentry  
  55  4:33  Probe  
  55  4:37  Probe  
  56  4:41  Probe  
  56  4:45  Probe  
  58  4:49  Probe  
  57  4:58  Immortal, Probe  
  63  5:03  Pylon  
  64  5:10  Gateway, Sentry  
  64  5:11  Sentry  
  64  5:13  Pylon  
  67  5:16  Probe  
  68  5:22  Gateway  
  68  5:24  Probe  
  69  5:32  Pylon, Probe  
  70  5:38  Probe  
  70  5:41  Twilight Council  
  70  5:42  Forge  
  71  5:46  Adept x2  
  71  5:48  Probe  
  76  5:50  Probe  
  76  5:53  Forge  
  76  5:56  Assimilator  
  77  6:00  Probe  
  77  6:01  Assimilator  
  79  6:05  Blink  
  79  6:11  Pylon  
  79  6:14  Stalker x2  
  79  6:16  Stalker  
  79  6:17  Stalker  
  87  6:18  Probe  
  87  6:27  Pylon  
  87  6:28  Observer, Pylon  
  87  6:31  Protoss Ground Weapons Level 1  
  85  6:48  Immortal  
  85  6:50  Gateway  
  85  6:51  Gateway  
  89  7:02  Gateway, Stalker  
  89  7:05  Stalker  
  93  7:08  Stalker  
  95  7:16  Stalker  
  97  7:25  Stalker  
  97  7:29  Pylon  
  99  7:30  Stalker  
  99  7:32  Stalker  
  103  7:38  Observer  
  104  7:48  Nexus  
  104  7:57  Stalker x3  
  107  8:09  Stalker x2  
  107  8:10  Stalker  
  113  8:14  Stalker  
  110  8:28  Stalker x3  
  110  8:33  Sentry  
  116  8:46  Stalker x2  
  112  8:58  Stalker x3  
  116  9:04  Stalker  
  116  9:08  Stalker  
  116  9:15  Stalker  
  98  9:17  Stalker  
  98  9:23  Stalker  
  96  9:26  Stalker  
  98  9:33  Stalker  
  98  9:35  Observer  
  101  9:40  Stalker  
  87  9:49  Immortal  
  57  10:01  Stalker x2  
  57  10:05  Stalker  
  57  10:06  Stalker  
  59  10:11  Stalker  
  59  10:14  Stalker  
  63  10:18  Stalker  
Tags
 
Add a new tag
Caveats
  • Supply blocks, unpowered buildings, or Contaminate may cause inaccurate times.
  • Supply counts are checked every 10 seconds.